SA
TENNESSEE SMOKIES @ MANCELONA TORCH
05/03/2042
 
TOP OF THE 1ST
Tennessee Smokies batting - Pitching for Mancelona Torch : RHP Adam Wright
Pitching: RHP Adam Wright
Batting: LHB Royce Rolls 0-0: Swinging Strike
0-1: Bunt for hit to 15 - play at first, batter safe!
Batting: LHB Jason Durkin 0-0: Called Strike
0-1: SINGLE (Groundball, 4M, EV 105.0 MPH) (infield hit)
Royce Rolls to second
Batting: SHB Rafael Villa 0-0: Called Strike
Royce Rolls is caught stealing 3rd base 2-5
Jason Durkin to second
0-1: Foul Ball, location: 2F
0-2: Ground out 1-3 (Groundball, 13S, EV 65.0 MPH)
Jason Durkin to third
Batting: LHB Vance Lee 0-0: SINGLE (Groundball, 4, EV 89.4 MPH) (infield hit)
Jason Durkin scores
Batting: RHB Anthony Roosemont 0-0: Fly out, F7 (Flyball, 78D, EV 81.9 MPH)
Top of the 1st over - 1 run, 3 hits, 0 errors, 1 left on base; Tennessee 1 - Mancelona 0
BOTTOM OF THE 1ST
Mancelona Torch batting - Pitching for Tennessee Smokies : RHP Albert Zalazar
Pitching: RHP Albert Zalazar
Batting: RHB Paul Sykes 0-0: Called Strike
0-1: Ball
1-1: Ball
2-1: Ground out U3 (Groundball, 34, EV 103.8 MPH)
Batting: RHB Carlos Vélez 0-0: Swinging Strike
0-1: Ball
1-1: Foul Ball, location: 2F
1-2: Foul Ball, location: 2F
1-2: Ball
2-2: Foul Ball, location: 2F
2-2: Strikes out swinging
Batting: RHB Rubén Jusino 0-0: Ball
1-0: Foul Ball, location: 2F
1-1: Hit by Pitch
Batting: LHB Diego Alejandro Ureña 0-0: Ball
1-0: Foul Ball, location: 2F
1-1: Ball
2-1: Fly out, F9 (Flyball, 89S, EV 80.6 MPH)
Bottom of the 1st over - 0 runs, 0 hits, 0 errors, 1 left on base; Tennessee 1 - Mancelona 0
TOP OF THE 2ND
Tennessee Smokies batting - Pitching for Mancelona Torch : RHP Adam Wright
Batting: RHB Benigno Bachelay 0-0: Ball
1-0: Ball
2-0: Called Strike
2-1: Ground out 6-3 (Groundball, 6, EV 84.4 MPH)
Batting: RHB Yoshitora Nakayama 0-0: Called Strike
0-1: Called Strike
0-2: Ball
1-2: Ball
2-2: Strikes out swinging
Batting: RHB Darrell MacGregor 0-0: Called Strike
0-1: Ball
1-1: Called Strike
1-2: Strikes out swinging, 2-3 out at first.
Top of the 2nd over - 0 runs, 0 hits, 0 errors, 0 left on base; Tennessee 1 - Mancelona 0
BOTTOM OF THE 2ND
Mancelona Torch batting - Pitching for Tennessee Smokies : RHP Albert Zalazar
Batting: RHB Joel Fagliano 0-0: Ball
1-0: Called Strike
1-1: Swinging Strike
1-2: Ball
2-2: Strikes out swinging
Batting: RHB Wayne Haylock 0-0: Foul Ball, location: 2F
0-1: Ball
1-1: Ball
2-1: DOUBLE (Groundball, 5L, EV 104.4 MPH)
Batting: RHB Kuan Ru 0-0: Ball
1-0: Foul Ball, location: 2F
1-1: Ball
2-1: Swinging Strike
2-2: Ball
3-2: Foul Ball, location: 2F
3-2: Ground out 4-3 (Groundball, 4, EV 78.8 MPH)
Wayne Haylock to third
Batting: RHB Glen Stockhill 0-0: Ball
1-0: Swinging Strike
1-1: Foul Ball, location: 2F
1-2: Ball
2-2: Strikes out swinging
Bottom of the 2nd over - 0 runs, 1 hit, 0 errors, 1 left on base; Tennessee 1 - Mancelona 0
TOP OF THE 3RD
Tennessee Smokies batting - Pitching for Mancelona Torch : RHP Adam Wright
Batting: RHB Erwan Michel 0-0: Ball
1-0: Ball
2-0: Called Strike
2-1: Ball
3-1: Base on Balls
Batting: LHB Royce Rolls 0-0: Called Strike
0-1: Fielders Choice at 2nd, 6-4 (Groundball, 6, EV 97.5 MPH)
Batting: LHB Jason Durkin 0-0: Ball
Royce Rolls steals 2nd base
1-0: Foul Ball, location: 2F
1-1: Foul Ball, location: 2F
1-2: Ball
2-2: Foul Ball, location: 2F
2-2: SINGLE (Line Drive, 56D, EV 96.2 MPH)
Royce Rolls to third
Batting: SHB Rafael Villa 0-0: Called Strike
0-1: Ball
1-1: Ball
2-1: Foul Ball, location: 2F
2-2: Foul Ball, location: 2F
2-2: TRIPLE (Line Drive, 78XD, EV 107.5 MPH)
Royce Rolls scores
Jason Durkin scores
Batting: LHB Vance Lee 0-0: Ball
1-0: Ball
2-0: Ball
3-0: Called Strike
3-1: Foul Ball, location: 2F
3-2: Strikes out swinging
Batting: RHB Anthony Roosemont 0-0: Ball
1-0: Swinging Strike
1-1: Ball
2-1: Foul Ball, location: 2F
2-2: Strikes out swinging
Top of the 3rd over - 2 runs, 2 hits, 0 errors, 1 left on base; Tennessee 3 - Mancelona 0
BOTTOM OF THE 3RD
Mancelona Torch batting - Pitching for Tennessee Smokies : RHP Albert Zalazar
Batting: RHB Francisco Rocha 0-0: Called Strike
0-1: Swinging Strike
0-2: Foul Ball, location: 2F
0-2: Ball
1-2: Strikes out swinging
Batting: RHB Paul Sykes 0-0: Ball
1-0: Ball
2-0: Ball
3-0: Called Strike
3-1: Base on Balls
Batting: RHB Carlos Vélez 0-0: Ball
1-0: Called Strike
1-1: Ball
2-1: Fly out, F9 (Flyball, 9, EV 80.6 MPH)
Batting: RHB Rubén Jusino 0-0: Ball
1-0: Ball
2-0: SINGLE (Groundball, 6D, EV 97.5 MPH)
Paul Sykes to second
Batting: LHB Diego Alejandro Ureña 0-0: Called Strike
0-1: Fly out, F7 (Flyball, 7S, EV 75.0 MPH)
Bottom of the 3rd over - 0 runs, 1 hit, 0 errors, 2 left on base; Tennessee 3 - Mancelona 0
TOP OF THE 4TH
Tennessee Smokies batting - Pitching for Mancelona Torch : RHP Adam Wright
Batting: RHB Benigno Bachelay 0-0: Ball
1-0: Called Strike
1-1: Ball
2-1: Ball
3-1: Called Strike
3-2: Base on Balls
Batting: RHB Yoshitora Nakayama 0-0: Ball
1-0: Ball
2-0: Ball
3-0: Called Strike
3-1: Grounds into double play, 2-4-3 (Groundball, 2L, EV 66.2 MPH)
Batting: RHB Darrell MacGregor 0-0: Ball
1-0: Ball
2-0: Ball
3-0: Base on Balls
Batting: RHB Erwan Michel 0-0: Called Strike
0-1: Ball
1-1: Called Strike
1-2: Foul Ball, location: 2F
1-2: Foul Ball, location: 2F
1-2: Fly out, F8 (Flyball, 8RM, EV 85.0 MPH)
Top of the 4th over - 0 runs, 0 hits, 0 errors, 1 left on base; Tennessee 3 - Mancelona 0
BOTTOM OF THE 4TH
Mancelona Torch batting - Pitching for Tennessee Smokies : RHP Albert Zalazar
Batting: RHB Joel Fagliano 0-0: Swinging Strike
0-1: Ball
1-1: Called Strike
1-2: Foul Ball, location: 2F
1-2: Foul Ball, location: 2F
1-2: Foul Ball, location: 2F
1-2: Ball
2-2: Foul Ball, location: 2F
2-2: DOUBLE (Line Drive, 9LM, EV 99.4 MPH)
Batting: RHB Wayne Haylock 0-0: Foul Ball, location: 2F
0-1: Ball
1-1: Swinging Strike
1-2: Ball
2-2: Foul Ball, location: 2F
2-2: Foul Ball, location: 2F
2-2: Foul Ball, location: 2F
2-2: Fly out, F9 (Flyball, 9LM, EV 98.1 MPH)
Batting: RHB Kuan Ru 0-0: Ball
1-0: Called Strike
1-1: Foul Ball, location: 2F
1-2: Foul Ball, location: 2F
1-2: Foul Ball, location: 2F
1-2: Ball
2-2: Fly out, F6 (Popup, 4MD, EV 67.5 MPH)
Batting: RHB Glen Stockhill 0-0: Ball
1-0: Ground out 5-3 (Groundball, 56, EV 88.1 MPH)
Bottom of the 4th over - 0 runs, 1 hit, 0 errors, 1 left on base; Tennessee 3 - Mancelona 0
TOP OF THE 5TH
Tennessee Smokies batting - Pitching for Mancelona Torch : RHP Adam Wright
Batting: LHB Royce Rolls 0-0: Foul Ball, location: 2F
0-1: Ball
1-1: Ball
2-1: SINGLE (Groundball, 56D, EV 97.5 MPH)
Batting: LHB Jason Durkin 0-0: Ball
Royce Rolls steals 2nd base
1-0: Called Strike
1-1: Foul Ball, location: 2F
1-2: Strikes out swinging
Batting: SHB Rafael Villa 0-0: Called Strike
0-1: Ball
1-1: Foul Ball, location: 2F
1-2: Strikes out swinging, 2-3 out at first.
Batting: LHB Vance Lee 0-0: Foul Ball, location: 2F
0-1: Ball
1-1: Ground out 1-3 (Groundball, 34S, EV 67.5 MPH)
Top of the 5th over - 0 runs, 1 hit, 0 errors, 1 left on base; Tennessee 3 - Mancelona 0
BOTTOM OF THE 5TH
Mancelona Torch batting - Pitching for Tennessee Smokies : RHP Albert Zalazar
Batting: RHB Francisco Rocha 0-0: Called Strike
0-1: Ball
1-1: SINGLE (Groundball, 5S, EV 66.9 MPH) (infield hit)
Batting: RHB Paul Sykes 0-0: Swinging Strike
0-1: Ball
1-1: Called Strike
Francisco Rocha is caught stealing 2nd base 2-4
1-2: Ball
2-2: Ball
3-2: Strikes out looking
Pitching: RHP Martín Colón
Batting: RHB Carlos Vélez 0-0: Ball
1-0: Foul Ball, location: 2F
1-1: Foul Ball, location: 2F
1-2: Foul Ball, location: 2F
1-2: SINGLE (Line Drive, 9LS, EV 96.9 MPH)
Batting: RHB Rubén Jusino 0-0: Ball
Carlos Vélez steals 2nd base
1-0: Ball
2-0: SINGLE (Line Drive, 8LS, EV 108.8 MPH)
Carlos Vélez to third
Runner from 3rd tries for Home, SAFE, throw by CF to home
Batting: LHB Diego Alejandro Ureña 0-0: Ball
1-0: Ball
2-0: Foul Ball, location: 2F
2-1: Called Strike
2-2: DOUBLE (Line Drive, 9LM, EV 100.0 MPH)
Rubén Jusino to third
Runner from 3rd tries for Home, SAFE, throw by RF to trailing runner, SAFE at third!
Batting: RHB Joel Fagliano 0-0: Called Strike
0-1: Called Strike
0-2: Ball
1-2: Ball
2-2: Ground out 6-3 (Groundball, 6, EV 103.1 MPH)
Bottom of the 5th over - 2 runs, 4 hits, 0 errors, 1 left on base; Tennessee 3 - Mancelona 2
TOP OF THE 6TH
Tennessee Smokies batting - Pitching for Mancelona Torch : RHP Adam Wright
Batting: RHB Anthony Roosemont 0-0: Called Strike
0-1: Called Strike
0-2: Foul Ball, location: 2F
0-2: Strikes out swinging
Batting: RHB Benigno Bachelay 0-0: Ball
1-0: TRIPLE (Line Drive, 78XD, EV 111.2 MPH)
Pitching: LHP Robinson Guillén
Batting: RHB Yoshitora Nakayama 0-0: Ground out 6-3 (Groundball, 6, EV 85.6 MPH)
Batting: RHB Darrell MacGregor 0-0: Ball
1-0: Swinging Strike
1-1: Ball
2-1: DOUBLE (Flyball, 9LD, EV 95.0 MPH)
Benigno Bachelay scores
Batting: RHB Erwan Michel 0-0: Ball
1-0: Ball
2-0: Called Strike
2-1: Foul Ball, location: 2F
2-2: Ball
3-2: Base on Balls
Batting: LHB Royce Rolls 0-0: Called Strike
0-1: Ball
1-1: Ball
2-1: Foul Ball, location: 2F
2-2: Fly out, F7 (Line Drive, 7, EV 90.0 MPH)
Top of the 6th over - 1 run, 2 hits, 0 errors, 2 left on base; Tennessee 4 - Mancelona 2
BOTTOM OF THE 6TH
Mancelona Torch batting - Pitching for Tennessee Smokies : RHP Martín Colón
Batting: RHB Wayne Haylock 0-0: Ball
1-0: Ball
2-0: Ball
3-0: Called Strike
3-1: Ground out 5-3 (Groundball, 56S, EV 80.0 MPH)
Batting: RHB Kuan Ru 0-0: Ball
1-0: Swinging Strike
1-1: Ball
2-1: Called Strike
2-2: Foul Ball, location: 2F
2-2: Foul Ball, location: 2F
2-2: Strikes out swinging
Batting: RHB Glen Stockhill 0-0: Fly out, F9 (Flyball, 89M, EV 93.1 MPH)
Bottom of the 6th over - 0 runs, 0 hits, 0 errors, 0 left on base; Tennessee 4 - Mancelona 2
TOP OF THE 7TH
Tennessee Smokies batting - Pitching for Mancelona Torch : LHP Robinson Guillén
Batting: LHB Jason Durkin 0-0: Ball
1-0: Ball
2-0: Foul Ball, location: 2F
2-1: Foul Ball, location: 2F
2-2: SINGLE (Line Drive, 9S, EV 95.6 MPH)
Batting: SHB Rafael Villa 0-0: Called Strike
0-1: Ball
1-1: Called Strike
1-2: Fly out, F9 (Flyball, 9LS, EV 90.0 MPH)
Batting: LHB Vance Lee 0-0: Ball
1-0: Called Strike
1-1: Ball
2-1: Ball
3-1: Base on Balls
Jason Durkin to second
Batting: RHB Anthony Roosemont 0-0: Called Strike
0-1: Ball
1-1: Ball
2-1: Swinging Strike
2-2: Strikes out swinging
Batting: RHB Benigno Bachelay 0-0: Ball
1-0: Ball
2-0: Called Strike
2-1: Swinging Strike
2-2: Foul Ball, location: 2F
2-2: Strikes out swinging
Top of the 7th over - 0 runs, 1 hit, 0 errors, 2 left on base; Tennessee 4 - Mancelona 2
BOTTOM OF THE 7TH
Mancelona Torch batting - Pitching for Tennessee Smokies : RHP Martín Colón
Batting: RHB Francisco Rocha 0-0: Ball
1-0: Called Strike
1-1: Ball
2-1: Ground out 1-3 (Groundball, P, EV 82.5 MPH)
Batting: RHB Paul Sykes 0-0: Ball
1-0: Ball
2-0: Called Strike
2-1: Called Strike
2-2: Fly out, F7 (Flyball, 7LSF, EV 81.2 MPH)
Batting: RHB Carlos Vélez 0-0: Ball
1-0: Ball
2-0: Ball
3-0: Called Strike
3-1: SINGLE (Line Drive, 8RS, EV 105.6 MPH)
Batting: RHB Rubén Jusino 0-0: Ball
1-0: Called Strike
1-1: Reached on error, E9 (Flyball, 9, EV 86.9 MPH)
Carlos Vélez to third
Batting: LHB Diego Alejandro Ureña 0-0: SINGLE (Line Drive, 89S, EV 92.5 MPH)
Carlos Vélez scores
Rubén Jusino to third
Runner from 3rd tries for Home, SAFE, no throw by CF
Pitching: RHP Lang Chen
Batting: RHB Joel Fagliano 0-0: Ball
1-0: Ball
Wild Pitch!
Diego Alejandro Ureña to second
2-0: Foul Ball, location: 2F
2-1: Foul Ball, location: 2F
2-2: Strikes out swinging
Bottom of the 7th over - 2 runs, 2 hits, 1 error, 1 left on base; Tennessee 4 - Mancelona 4
TOP OF THE 8TH
Tennessee Smokies batting - Pitching for Mancelona Torch : LHP Robinson Guillén
Batting: RHB Yoshitora Nakayama 0-0: Called Strike
0-1: Ball
1-1: Ball
2-1: Ball
3-1: Swinging Strike
3-2: Foul Ball, location: 2F
3-2: SINGLE (Groundball, 4M, EV 101.9 MPH) (infield hit)
Pitching: RHP John Savage
Batting: RHB Darrell MacGregor 0-0: Ball
1-0: Bunted foul
1-1: Bunt missed!
1-2: Ball
Wild Pitch!
Yoshitora Nakayama to second
2-2: Ground out 6-3 (Groundball, 6S, EV 65.6 MPH)
Yoshitora Nakayama to third
Batting: RHB Erwan Michel 0-0: Ball
1-0: SINGLE (Line Drive, 6MD, EV 103.1 MPH)
Yoshitora Nakayama scores
Batting: LHB Royce Rolls 0-0: SINGLE (Groundball, 34D, EV 101.2 MPH)
Erwan Michel to second
Runner from 2nd tries for 3rd, SAFE, throw by RF made to third
Pinch Runner at 3rd Charles Stevenson:
Batting: LHB Jason Durkin 0-0: Swinging Strike
0-1: Ball
1-1: Fly out, F9 (Line Drive, 9, EV 94.4 MPH)
Runner from 3rd tags up, SCORES, throw by RF
Batting: SHB Rafael Villa 0-0: Ball
1-0: Ball
2-0: SINGLE (Groundball, 4MD, EV 105.0 MPH)
Royce Rolls to second
Batting: LHB Vance Lee 0-0: Ground out U3 (Groundball, 3, EV 83.1 MPH)
Top of the 8th over - 2 runs, 4 hits, 0 errors, 2 left on base; Tennessee 6 - Mancelona 4
BOTTOM OF THE 8TH
Mancelona Torch batting - Pitching for Tennessee Smokies : RHP Lang Chen
Now at 2B: Dave Dickey
Batting: RHB Wayne Haylock 0-0: Ball
1-0: Foul Ball, location: 2F
1-1: Ground out 5-3 (Groundball, 56S, EV 84.4 MPH)
Batting: RHB Kuan Ru 0-0: Ball
1-0: Foul Ball, location: 2F
1-1: SINGLE (Groundball, 5D, EV 106.9 MPH)
Batting: RHB Glen Stockhill 0-0: Ball
1-0: Foul Ball, location: 2F
1-1: Ball
2-1: Ball
3-1: Base on Balls
Kuan Ru to second
Pitching: LHP Hugh Hudson
Batting: RHB Francisco Rocha 0-0: Ball
1-0: Foul Ball, location: 2F
1-1: Ball
2-1: Ball
3-1: Called Strike
3-2: Base on Balls
Kuan Ru to third
Glen Stockhill to second
Batting: RHB Paul Sykes 0-0: Swinging Strike
0-1: Ball
1-1: Ball
2-1: Ball
3-1: DOUBLE (Flyball, 8RXD, EV 109.4 MPH)
Kuan Ru scores
Glen Stockhill scores
Francisco Rocha to third
Runner from 3rd tries for Home, SAFE, throw by CF to home
Batting: RHB Carlos Vélez 0-0: Ground out 5-3 (Groundball, 56, EV 88.1 MPH)
Batting: RHB Rubén Jusino 0-0: Called Strike
0-1: Ball
1-1: SINGLE (Flyball, 9LS, EV 88.8 MPH)
Paul Sykes to third
Runner from 3rd tries for Home, SAFE, throw by RF to home
Rubén Jusino to second
Batting: LHB Diego Alejandro Ureña 0-0: Called Strike
0-1: Ball
1-1: SINGLE (Groundball, 34D, EV 100.6 MPH)
Rubén Jusino to third
Batting: RHB Joel Fagliano 0-0: Ball
1-0: Fly out, F9 (Flyball, 9S, EV 76.9 MPH)
Bottom of the 8th over - 4 runs, 4 hits, 0 errors, 2 left on base; Tennessee 6 - Mancelona 8
TOP OF THE 9TH
Tennessee Smokies batting - Pitching for Mancelona Torch : RHP John Savage
Now in LF: Thiago Cicerón
Batting: RHB Anthony Roosemont 0-0: Ball
1-0: Ground out 6-3 (Groundball, 6, EV 91.2 MPH)
Batting: RHB Benigno Bachelay 0-0: Foul Ball, location: 2F
0-1: Called Strike
0-2: Ball
1-2: Ball
2-2: Foul Ball, location: 2F
2-2: Foul Ball, location: 2F
2-2: Foul Ball, location: 2F
2-2: Strikes out looking
Batting: RHB Yoshitora Nakayama 0-0: Called Strike
0-1: Ball
1-1: Foul Ball, location: 2F
1-2: Ball
2-2: Strikes out looking
Top of the 9th over - 0 runs, 0 hits, 0 errors, 0 left on base; Tennessee 6 - Mancelona 8
Friday, March 26th, 2021 - OOTP Baseball 20.8 Build 74